TOP OF THE 1ST |
Havana Conejitos batting - Pitching for San Juan Pitorros : RHP Alfredo Campos
|
Pitching: RHP Alfredo Campos
|
|
Batting: RHB Ulises Infante
|
0-0: Ball 1-0: Foul Ball, location: 2F 1-1: Ball 2-1: Ball 3-1: Swinging Strike 3-2: Strikes out looking
|
Batting: RHB Luis Gonzalez
|
0-0: Ball 1-0: Reached on error, E5 (Groundball, 56, EV 89.4 MPH)
|
Batting: LHB Scott Radloff
|
0-0: Ball 1-0: Called Strike 1-1: Ball 2-1: Ball 3-1: Base on Balls
|
Batting: LHB Jim Bennett
|
0-0: Swinging Strike 0-1: Ball 1-1: Foul Ball, location: 2F 1-2: Grounds into double play, 4-6-3 (Groundball, 4, EV 95.6 MPH)
|
Top of the 1st over - 0 runs, 0 hits, 1 error, 1 left on base; Havana 0 - San Juan 0 |
BOTTOM OF THE 1ST |
San Juan Pitorros batting - Pitching for Havana Conejitos : RHP Mike Cullen
|
Pitching: RHP Mike Cullen
|
|
Batting: SHB Ozzie Smith
|
0-0: Swinging Strike 0-1: Foul Ball, location: 2F 0-2: Ball 1-2: Fly out, F3 (Line Drive, 3, EV 68.1 MPH)
|
Batting: RHB Mike A Marshall
|
0-0: Ball 1-0: Called Strike 1-1: Foul Ball, location: 2F 1-2: Strikes out looking
|
Batting: LHB Franklin Stubbs
|
0-0: Ball 1-0: Ball 2-0: Called Strike 2-1: Swinging Strike 2-2: Ball 3-2: Base on Balls
|
Batting: RHB Rafael Ramirez
|
0-0: Foul Ball, location: 2F 0-1: Called Strike 0-2: Strikes out looking
|
Bottom of the 1st over - 0 runs, 0 hits, 0 errors, 1 left on base; Havana 0 - San Juan 0 |
TOP OF THE 2ND |
Havana Conejitos batting - Pitching for San Juan Pitorros : RHP Alfredo Campos
|
Batting: RHB John Malkin
|
0-0: Foul Ball, location: 2F 0-1: Ball 1-1: Foul Ball, location: 2F 1-2: Ball 2-2: Ball 3-2: SINGLE (Flyball, 78S, EV 93.1 MPH)
|
Batting: LHB Donald Mazzilli
|
0-0: Called Strike 0-1: Called Strike 0-2: Ball 1-2: Ball 2-2: Ball 3-2: Grounds into double play, 1-6-3 (Groundball, P, EV 63.1 MPH)
|
Batting: SHB Julio Estrada
|
0-0: Ball 1-0: Swinging Strike 1-1: Ground out 5-3 (Groundball, 56S, EV 71.9 MPH)
|
Top of the 2nd over - 0 runs, 1 hit, 0 errors, 0 left on base; Havana 0 - San Juan 0 |
BOTTOM OF THE 2ND |
San Juan Pitorros batting - Pitching for Havana Conejitos : RHP Mike Cullen
|
Batting: RHB Chris Brown
|
0-0: Ball 1-0: Called Strike 1-1: Fly out, F8 (Flyball, 89S, EV 90.0 MPH)
|
Batting: SHB Dave Cochrane
|
0-0: Called Strike 0-1: Swinging Strike 0-2: Ball 1-2: Strikes out looking
|
Batting: RHB Jose Castro
|
0-0: Ball 1-0: Ball 2-0: Ball 3-0: Called Strike 3-1: SOLO HOME RUN (Flyball, 7LD, EV 88.1 MPH), Distance : 345 ft
|
Batting: SHB Kevin King
|
0-0: Called Strike 0-1: Ball 1-1: Ball 2-1: Foul Ball, location: 2F 2-2: Ball 3-2: Foul Ball, location: 2F 3-2: Foul Ball, location: 2F 3-2: Foul Ball, location: 2F 3-2: Strikes out swinging
|
Bottom of the 2nd over - 1 run, 1 hit, 0 errors, 0 left on base; Havana 0 - San Juan 1 |
TOP OF THE 3RD |
Havana Conejitos batting - Pitching for San Juan Pitorros : RHP Alfredo Campos
|
Batting: LHB Michael Wishnevski
|
0-0: Ball 1-0: Ball 2-0: Called Strike 2-1: Ball 3-1: Base on Balls
|
Batting: RHB Ramon Borrero
|
0-0: Ball 1-0: Called Strike 1-1: Fly out, F9 (Flyball, 9LM, EV 87.5 MPH)
|
Batting: RHB Ulises Infante
|
0-0: Foul Ball, location: 2F 0-1: Ball 1-1: Swinging Strike 1-2: Foul Ball, location: 2F 1-2: Strikes out swinging
|
Batting: RHB Luis Gonzalez
|
0-0: Ball 1-0: Called Strike 1-1: Ball 2-1: Fly out, F3 (Popup, 3SF, EV 74.4 MPH)
|
Top of the 3rd over - 0 runs, 0 hits, 0 errors, 1 left on base; Havana 0 - San Juan 1 |
BOTTOM OF THE 3RD |
San Juan Pitorros batting - Pitching for Havana Conejitos : RHP Mike Cullen
|
Batting: RHB Jim Opie
|
0-0: Ground out 6-3 (Groundball, 6, EV 110.0 MPH)
|
Batting: SHB Ozzie Smith
|
0-0: Ground out U3 (Groundball, 34, EV 105.0 MPH)
|
Batting: RHB Mike A Marshall
|
0-0: SINGLE (Line Drive, 8RS, EV 105.0 MPH)
|
Batting: LHB Franklin Stubbs
|
0-0: Ball 1-0: Ball 2-0: Swinging Strike 2-1: Fly out, F6 (Line Drive, 6, EV 70.0 MPH)
|
Bottom of the 3rd over - 0 runs, 1 hit, 0 errors, 1 left on base; Havana 0 - San Juan 1 |
TOP OF THE 4TH |
Havana Conejitos batting - Pitching for San Juan Pitorros : RHP Alfredo Campos
|
Batting: LHB Scott Radloff
|
0-0: Foul Ball, location: 2F 0-1: Foul Ball, location: 2F 0-2: Ball 1-2: Strikes out swinging
|
Batting: LHB Jim Bennett
|
0-0: Fly out, F9 (Flyball, 9S, EV 90.0 MPH)
|
Batting: RHB John Malkin
|
0-0: Ball 1-0: Called Strike 1-1: Called Strike 1-2: Strikes out swinging
|
Top of the 4th over - 0 runs, 0 hits, 0 errors, 0 left on base; Havana 0 - San Juan 1 |
BOTTOM OF THE 4TH |
San Juan Pitorros batting - Pitching for Havana Conejitos : RHP Mike Cullen
|
Batting: RHB Rafael Ramirez
|
0-0: Ball 1-0: Called Strike 1-1: Foul Ball, location: 2F 1-2: Strikes out swinging
|
Batting: RHB Chris Brown
|
0-0: Ball 1-0: SINGLE (Groundball, 6D, EV 96.9 MPH)
|
Batting: SHB Dave Cochrane
|
0-0: Foul Ball, location: 2F 0-1: Swinging Strike 0-2: Foul Ball, location: 2F 0-2: Ball 1-2: Strikes out swinging
|
Batting: RHB Jose Castro
|
0-0: Ball 1-0: Foul Ball, location: 2F 1-1: Ball 2-1: Ball Chris Brown steals 2nd, throwing error, E2 Chris Brown to third 3-1: Called Strike 3-2: Ground out 6-3 (Groundball, 6, EV 82.5 MPH)
|
Bottom of the 4th over - 0 runs, 1 hit, 1 error, 1 left on base; Havana 0 - San Juan 1 |
TOP OF THE 5TH |
Havana Conejitos batting - Pitching for San Juan Pitorros : RHP Alfredo Campos
|
Batting: LHB Donald Mazzilli
|
0-0: SINGLE (Groundball, 56S, EV 99.4 MPH)
|
Batting: SHB Julio Estrada
|
0-0: Swinging Strike 0-1: Ball 1-1: Fielders Choice at 2nd, 1-6 (Groundball, 13S, EV 68.8 MPH)
|
Batting: LHB Michael Wishnevski
|
0-0: Foul Ball, location: 2F 0-1: Ball 1-1: Ball 2-1: Called Strike 2-2: Foul Ball, location: 2F 2-2: Strikes out looking
|
Batting: RHB Ramon Borrero
|
0-0: SINGLE (Groundball, 56D, EV 100.0 MPH) Julio Estrada to second
|
Batting: RHB Ulises Infante
|
0-0: Swinging Strike 0-1: Ball 1-1: Called Strike 1-2: Strikes out looking
|
Top of the 5th over - 0 runs, 2 hits, 0 errors, 2 left on base; Havana 0 - San Juan 1 |
BOTTOM OF THE 5TH |
San Juan Pitorros batting - Pitching for Havana Conejitos : RHP Mike Cullen
|
Batting: SHB Kevin King
|
0-0: Called Strike 0-1: Fly out, F9 (Flyball, 9, EV 93.8 MPH)
|
Batting: RHB Jim Opie
|
0-0: Ball 1-0: Fly out, F8 (Flyball, 89D, EV 96.9 MPH)
|
Batting: SHB Ozzie Smith
|
0-0: Foul Ball, location: 2F 0-1: Called Strike 0-2: Ball 1-2: Foul Ball, location: 2F 1-2: Ground out 4-3 (Groundball, 4D, EV 87.5 MPH)
|
Bottom of the 5th over - 0 runs, 0 hits, 0 errors, 0 left on base; Havana 0 - San Juan 1 |
TOP OF THE 6TH |
Havana Conejitos batting - Pitching for San Juan Pitorros : RHP Alfredo Campos
|
Batting: RHB Luis Gonzalez
|
0-0: Ball 1-0: Called Strike 1-1: Foul Ball, location: 2F 1-2: Ball 2-2: Ground out 4-3 (Groundball, 4, EV 90.0 MPH)
|
Batting: LHB Scott Radloff
|
0-0: Ball 1-0: Foul Ball, location: 2F 1-1: Ball 2-1: Called Strike 2-2: Foul Ball, location: 2F 2-2: Foul Ball, location: 2F 2-2: Ball 3-2: Ground out 1-3 (Groundball, 15S, EV 63.8 MPH)
|
Batting: LHB Jim Bennett
|
0-0: Ball 1-0: Fly out, F9 (Flyball, 89M, EV 90.0 MPH)
|
Top of the 6th over - 0 runs, 0 hits, 0 errors, 0 left on base; Havana 0 - San Juan 1 |
BOTTOM OF THE 6TH |
San Juan Pitorros batting - Pitching for Havana Conejitos : RHP Mike Cullen
|
Batting: RHB Mike A Marshall
|
0-0: Ball 1-0: Foul Ball, location: 2F 1-1: Ground out 6-3 (Groundball, 6, EV 87.5 MPH)
|
Batting: LHB Franklin Stubbs
|
0-0: Ball 1-0: SOLO HOME RUN (Flyball, 9LD, EV 91.9 MPH), Distance : 342 ft
|
Batting: RHB Rafael Ramirez
|
0-0: Ball 1-0: Ball 2-0: Foul Ball, location: 2F 2-1: SINGLE (Line Drive, 4D, EV 94.4 MPH)
|
Batting: RHB Chris Brown
|
0-0: Swinging Strike 0-1: Ball 1-1: Ball 2-1: Foul Ball, location: 2F 2-2: Strikes out swinging
|
Batting: SHB Dave Cochrane
|
0-0: Ball 1-0: Called Strike 1-1: Ball 2-1: Foul Ball, location: 2F 2-2: Foul Ball, location: 2F 2-2: Ball 3-2: Base on Balls Rafael Ramirez to second
|
Batting: RHB Jose Castro
|
0-0: Ball 1-0: Ball 2-0: Ground out 6-3 (Groundball, P, EV 93.1 MPH)
|
Bottom of the 6th over - 1 run, 2 hits, 0 errors, 2 left on base; Havana 0 - San Juan 2 |
TOP OF THE 7TH |
Havana Conejitos batting - Pitching for San Juan Pitorros : RHP Alfredo Campos
|
Batting: RHB John Malkin
|
0-0: Ball 1-0: Called Strike 1-1: Foul Ball, location: 2F 1-2: Strikes out swinging
|
Batting: LHB Donald Mazzilli
|
0-0: Ball 1-0: Ball 2-0: Ball 3-0: Base on Balls
|
Batting: SHB Julio Estrada
|
0-0: Grounds into double play, 3-6-3 (Groundball, 34S, EV 87.5 MPH)
|
Top of the 7th over - 0 runs, 0 hits, 0 errors, 0 left on base; Havana 0 - San Juan 2 |
BOTTOM OF THE 7TH |
San Juan Pitorros batting - Pitching for Havana Conejitos : RHP Mike Cullen
|
Batting: SHB Kevin King
|
0-0: Called Strike 0-1: Fly out, F8 (Line Drive, 8LD, EV 85.6 MPH)
|
Batting: RHB Jim Opie
|
0-0: Foul Ball, location: 2F 0-1: Swinging Strike 0-2: Ball 1-2: Foul Ball, location: 2F 1-2: Strikes out swinging
|
Batting: SHB Ozzie Smith
|
0-0: Called Strike 0-1: Ball 1-1: Ball 2-1: Ball 3-1: Base on Balls
|
Batting: RHB Mike A Marshall
|
0-0: Called Strike Ozzie Smith steals 2nd base (no throw) 0-1: Ball 1-1: Reached via error on a dropped throw from SS, E3 (Groundball, 6, EV 83.8 MPH) Ozzie Smith to third
|
Batting: LHB Franklin Stubbs
|
0-0: Ball 1-0: Ball 2-0: Ball 3-0: Base on Balls Mike A Marshall to second
|
Batting: RHB Rafael Ramirez
|
0-0: Called Strike 0-1: DOUBLE (Line Drive, 8LD, EV 98.1 MPH) Ozzie Smith scores Mike A Marshall scores Franklin Stubbs to third Runner from 3rd tries for Home, SAFE, no throw by CF
|
Pitching: LHP Jose Perez
|
|
Batting: RHB Chris Brown
|
0-0: Foul Ball, location: 2F 0-1: Ball 1-1: Called Strike 1-2: Ball 2-2: Ball 3-2: Fly out, F9 (Flyball, 89D, EV 88.8 MPH)
|
Bottom of the 7th over - 3 runs, 1 hit, 1 error, 1 left on base; Havana 0 - San Juan 5 |
TOP OF THE 8TH |
Havana Conejitos batting - Pitching for San Juan Pitorros : RHP Alfredo Campos
|
Batting: LHB Michael Wishnevski
|
0-0: Reached on error, E6 (Groundball, 6, EV 79.4 MPH)
|
Batting: RHB Ramon Borrero
|
0-0: Ball 1-0: Ball 2-0: Called Strike 2-1: Swinging Strike 2-2: Foul Ball, location: 2F 2-2: Foul Ball, location: 2F 2-2: Ball 3-2: Foul Ball, location: 2F 3-2: SINGLE (Line Drive, 78S, EV 103.8 MPH) Michael Wishnevski to second
|
Batting: RHB Ulises Infante
|
0-0: Ball 1-0: Grounds out, U3 (Groundball, 3L, EV 92.5 MPH) Michael Wishnevski to third
|
Batting: RHB Luis Gonzalez
|
0-0: Ball 1-0: Foul Ball, location: 2F 1-1: Ball 2-1: Foul Ball, location: 2F 2-2: Strikes out swinging
|
Batting: LHB Scott Radloff
|
0-0: Foul Ball, location: 2F 0-1: Foul Ball, location: 2F 0-2: Ball Passed Ball! Michael Wishnevski scores Ramon Borrero to third 1-2: Ball 2-2: Foul Ball, location: 2F 2-2: Ball 3-2: Fly out, F4 (Flyball, 34D, EV 89.4 MPH)
|
Top of the 8th over - 1 run, 1 hit, 1 error, 1 left on base; Havana 1 - San Juan 5 |
BOTTOM OF THE 8TH |
San Juan Pitorros batting - Pitching for Havana Conejitos : LHP Jose Perez
|
Batting: SHB Dave Cochrane
|
0-0: Called Strike 0-1: Ball 1-1: Called Strike 1-2: Foul Ball, location: 2F 1-2: Ball 2-2: Ball 3-2: Ground out 4-3 (Groundball, 4M, EV 108.8 MPH)
|
Batting: RHB Jose Castro
|
0-0: Called Strike 0-1: Ball 1-1: Ball 2-1: Foul Ball, location: 2F 2-2: Fly out, F8 (Line Drive, 8LD, EV 93.1 MPH)
|
Batting: SHB Kevin King
|
0-0: Called Strike 0-1: Ball 1-1: Ball 2-1: Ball 3-1: SOLO HOME RUN (Line Drive, 89XD, EV 98.1 MPH), Distance : 403 ft
|
Batting: RHB Jim Opie
|
0-0: Foul Ball, location: 2F 0-1: Foul Ball, location: 2F 0-2: Ball 1-2: Fly out, F9 (Flyball, 89D, EV 92.5 MPH)
|
Bottom of the 8th over - 1 run, 1 hit, 0 errors, 0 left on base; Havana 1 - San Juan 6 |
TOP OF THE 9TH |
Havana Conejitos batting - Pitching for San Juan Pitorros : RHP Alfredo Campos
|
Batting: LHB Jim Bennett
|
0-0: Called Strike 0-1: Ball 1-1: Foul Ball, location: 2F 1-2: Ball 2-2: Ball 3-2: Foul Ball, location: 2F 3-2: Base on Balls
|
Pitching: RHP George DeMaria
|
|
Batting: RHB John Malkin
|
0-0: Ball 1-0: Fly out, F8 (Flyball, 8LD, EV 101.3 MPH)
|
Batting: LHB Donald Mazzilli
|
0-0: Called Strike 0-1: Ball 1-1: Foul Ball, location: 2F 1-2: Fielders Choice at 2nd, 1-6 (Groundball, 34S, EV 66.3 MPH)
|
Batting: SHB Julio Estrada
|
0-0: Fly out, F5 (Flyball, 5D, EV 75.6 MPH)
|
Top of the 9th over - 0 runs, 0 hits, 0 errors, 1 left on base; Havana 1 - San Juan 6 |
|